[ PARTIDA AOE2 · #486139809 ]
UnrankedBúlgaros vs Turks
Equipo del jugador · DERR
Equipo rival · VICT
[ ANÁLISIS DE REPETICIÓN · EXTRAÍDO DE LA PARTIDA GRABADA ]
Feudal
11:25
Castillos
16:52
Imperial
32:36
| APM promedio | 16.0 |
| APM pico | 70 |
| eAPM promedio | 13.7 |
| Aldeanos / militares | 101 / 239 |
Foco
⚔️ 32.8% · 🌾 67.2%
Scout Cavalry ×76 · Konnik ×54 · Spearman ×51 · Scorpion ×31 · Knight ×17 · Mangonel ×5
Feudal
11:04
Castillos
15:04
Imperial
23:49
| APM promedio | 21.5 |
| APM pico | 73 |
| eAPM promedio | 10.4 |
| Aldeanos / militares | 91 / 199 |
Foco
⚔️ 29.1% · 🌾 70.9%
Hand Cannoneer ×105 · Scout Cavalry ×76 · Bombard Cannon ×12 · Camel Scout ×4 · Monk ×2
Mapa de la partida
Recursos iniciales + cada clic de construcción. Líneas = muros · curvas = relieve. ◆ oro · ⬟ piedra · ● bayas · ✦ reliquia · ◌ hueco del cierre
Tu base· ✓ Cerrada en 16:52 · 0t muro · 3 puerta(s)
Base de Imu18TheNoob· ✓ Cerrada en 15:04 · 0t muro · 3 puerta(s)
Terreno inicial suavizado · ◌ = hueco del cierre detectado · pasá el cursor para detalles
Inputs por minuto
— Alex - - Imu18TheNoob
Build order — Alex
Primeras 150 de 362 acciones detectadas
| 0:01 | Crear | Villager (Male) |
| 0:01 | Crear | Villager (Male) |
| 0:01 | Crear | Villager (Male) |
| 0:02 | Crear | Villager (Male) |
| 0:04 | Construir | House |
| 0:06 | Construir | House |
| 1:25 | Crear | Villager (Male) |
| 1:51 | Crear | Villager (Male) |
| 2:14 | Crear | Villager (Male) |
| 2:48 | Construir | Lumber Camp |
| 2:52 | Construir | House |
| 2:55 | Crear | Villager (Male) |
| 3:24 | Crear | Villager (Male) |
| 3:46 | Crear | Villager (Male) |
| 4:06 | Crear | Villager (Male) |
| 4:36 | Crear | Villager (Male) |
| 4:47 | Construir | Mill |
| 4:54 | Crear | Villager (Male) |
| 5:15 | Crear | Villager (Male) |
| 5:16 | Crear | Villager (Male) |
| 5:26 | Construir | House |
| 5:47 | Crear | Villager (Male) |
| 6:40 | Crear | Villager (Male) |
| 6:42 | Crear | Villager (Male) |
| 6:42 | Crear | Villager (Male) |
| 6:43 | Crear | Villager (Male) |
| 6:43 | Crear | Villager (Male) |
| 6:45 | Crear | Villager (Male) |
| 7:38 | Construir | House |
| 7:46 | Construir | Mining Camp |
| 8:47 | Investigar | Feudal Age |
| 8:58 | Crear | Villager (Male) |
| 9:40 | Construir | House |
| 9:44 | Crear | Villager (Male) |
| 10:01 | Construir | Mill |
| 10:46 | Construir | Farm |
| 10:48 | Construir | Farm |
| 10:55 | Construir | Farm |
| 10:59 | Construir | Farm |
| 11:04 | Construir | Farm |
| 11:07 | Construir | Farm |
| 11:25 | Edad | Edad Feudal |
| 11:31 | Construir | Blacksmith |
| 11:47 | Construir | Market |
| 12:03 | Crear | Villager (Male) |
| 12:08 | Construir | Farm |
| 12:17 | Crear | Villager (Male) |
| 12:22 | Construir | Farm |
| 12:45 | Crear | Villager (Male) |
| 12:50 | Construir | Farm |
| 13:11 | Construir | Farm |
| 13:26 | Crear | Villager (Male) |
| 13:39 | Construir | House |
| 13:53 | Crear | Villager (Male) |
| 14:04 | Construir | Barracks |
| 14:09 | Investigar | Castle Age |
| 14:13 | Crear | Villager (Male) |
| 14:31 | Construir | Mining Camp |
| 14:48 | Investigar | Double-Bit Axe |
| 14:50 | Crear | Villager (Male) |
| 15:29 | Investigar | Gold Mining |
| 15:43 | Construir | Stable |
| 16:03 | Investigar | Horse Collar |
| 16:49 | Investigar | Bloodlines |
| 16:52 | Edad | Edad de los Castillos |
| 17:12 | Crear | Knight |
| 17:32 | Crear | Knight |
| 17:34 | Crear | Villager (Male) |
| 18:03 | Construir | Stable |
| 18:07 | Crear | Villager (Male) |
| 18:18 | Crear | Knight |
| 18:22 | Crear | Villager (Male) |
| 18:32 | Construir | House |
| 18:33 | Construir | House |
| 18:38 | Crear | Villager (Male) |
| 18:42 | Crear | Knight |
| 18:45 | Investigar | Husbandry |
| 18:50 | Crear | Villager (Male) |
| 18:59 | Investigar | Bow Saw |
| 19:02 | Investigar | Heavy Plow |
| 19:14 | Crear | Villager (Male) |
| 19:25 | Investigar | Gold Shaft Mining |
| 19:31 | Crear | Knight |
| 19:39 | Crear | Villager (Male) |
| 19:45 | Construir | House |
| 19:47 | Construir | House |
| 19:48 | Construir | House |
| 19:59 | Crear | Knight |
| 20:21 | Crear | Villager (Male) |
| 20:38 | Crear | Knight |
| 20:47 | Crear | Villager (Male) |
| 21:17 | Crear | Villager (Male) |
| 21:20 | Investigar | Bloodlines |
| 21:30 | Construir | House |
| 21:40 | Crear | Villager (Male) |
| 21:51 | Construir | Town Center |
| 22:00 | Crear | Villager (Male) |
| 22:20 | Crear | Villager (Male) |
| 22:34 | Crear | Villager (Male) |
| 23:08 | Construir | Siege Workshop |
| 23:14 | Crear | Villager (Male) |
| 23:28 | Investigar | Wheelbarrow |
| 23:39 | Construir | Town Center |
| 23:55 | Crear | Knight |
| 23:59 | Crear | Villager (Male) |
| 24:20 | Crear | Villager (Male) |
| 24:35 | Construir | Castle |
| 24:38 | Crear | Villager (Male) |
| 24:47 | Crear | Villager (Male) |
| 25:03 | Construir | Farm |
| 25:04 | Construir | Farm |
| 25:04 | Construir | Farm |
| 25:05 | Construir | Farm |
| 25:05 | Construir | Farm |
| 25:06 | Construir | Farm |
| 25:07 | Construir | Farm |
| 25:10 | Crear | Villager (Male) |
| 25:11 | Crear | Villager (Male) |
| 25:29 | Crear | Villager (Male) |
| 25:36 | Crear | Spearman |
| 25:51 | Crear | Villager (Male) |
| 26:02 | Crear | Knight |
| 26:03 | Crear | Knight |
| 26:16 | Investigar | Scale Barding Armor |
| 26:17 | Investigar | Forging |
| 26:25 | Crear | Mangonel |
| 26:34 | Crear | Villager (Male) |
| 26:34 | Crear | Villager (Male) |
| 26:34 | Crear | Villager (Male) |
| 26:43 | Construir | Farm |
| 26:44 | Construir | Farm |
| 26:44 | Construir | Farm |
| 26:45 | Construir | Farm |
| 26:46 | Construir | Farm |
| 26:46 | Construir | Farm |
| 27:03 | Investigar | Loom |
| 27:05 | Crear | Villager (Male) |
| 27:05 | Crear | Villager (Male) |
| 27:06 | Crear | Villager (Male) |
| 27:18 | Construir | Farm |
| 27:23 | Crear | Villager (Male) |
| 27:24 | Crear | Villager (Male) |
| 27:24 | Crear | Villager (Male) |
| 27:34 | Investigar | Chain Barding Armor |
| 27:35 | Investigar | Iron Casting |
| 28:29 | Crear | Knight |
| 28:29 | Crear | Knight |
| 28:33 | Investigar | Light Cavalry (upgrade) |
| 28:51 | Crear | Villager (Male) |
| 28:51 | Crear | Villager (Male) |
Build order — Imu18TheNoob
Primeras 150 de 254 acciones detectadas
| 0:03 | Construir | House |
| 0:05 | Construir | House |
| 0:07 | Crear | Villager (Male) ×4 |
| 1:30 | Crear | Villager (Male) |
| 1:31 | Crear | Villager (Male) |
| 1:58 | Construir | Lumber Camp |
| 2:06 | Crear | Villager (Male) |
| 2:33 | Crear | Villager (Male) |
| 2:33 | Crear | Villager (Male) |
| 2:56 | Crear | Villager (Male) |
| 2:57 | Crear | Villager (Male) |
| 3:34 | Construir | House |
| 3:37 | Crear | Villager (Male) |
| 3:37 | Crear | Villager (Male) |
| 4:04 | Construir | Mill |
| 4:13 | Crear | Villager (Male) |
| 4:13 | Crear | Villager (Male) |
| 4:13 | Crear | Villager (Male) |
| 5:04 | Crear | Villager (Male) |
| 5:23 | Crear | Villager (Male) |
| 5:36 | Construir | House |
| 5:52 | Crear | Villager (Male) |
| 6:04 | Construir | Mill |
| 6:08 | Crear | Villager (Male) |
| 6:21 | Crear | Villager (Male) |
| 7:05 | Crear | Villager (Male) |
| 7:29 | Crear | Villager (Male) |
| 7:47 | Crear | Villager (Male) |
| 8:08 | Crear | Villager (Male) |
| 8:51 | Construir | Mining Camp |
| 8:54 | Investigar | Feudal Age |
| 9:26 | Construir | Farm |
| 9:34 | Construir | Farm |
| 9:52 | Construir | House |
| 10:48 | Crear | Villager (Male) |
| 10:49 | Crear | Villager (Male) |
| 10:51 | Crear | Villager (Male) |
| 11:04 | Edad | Edad Feudal |
| 11:09 | Construir | Blacksmith |
| 11:17 | Construir | Market |
| 11:35 | Construir | Farm |
| 12:10 | Construir | House |
| 12:14 | Construir | House |
| 12:24 | Investigar | Castle Age |
| 12:53 | Investigar | Double-Bit Axe |
| 13:14 | Construir | Farm |
| 13:30 | Construir | Farm |
| 13:41 | Investigar | Horse Collar |
| 13:49 | Crear | Villager (Male) |
| 14:01 | Construir | Farm |
| 14:15 | Construir | Barracks |
| 15:04 | Edad | Edad de los Castillos |
| 15:29 | Crear | Villager (Male) |
| 15:38 | Construir | Stable |
| 15:47 | Construir | Farm |
| 15:49 | Construir | Farm |
| 15:53 | Construir | Farm |
| 15:55 | Construir | Farm |
| 15:58 | Construir | Farm |
| 16:00 | Crear | Villager (Male) ×5 |
| 16:09 | Construir | House |
| 16:11 | Construir | House |
| 16:13 | Construir | House |
| 16:44 | Construir | Lumber Camp |
| 17:41 | Construir | Farm |
| 17:43 | Construir | Farm |
| 17:45 | Construir | Farm |
| 17:56 | Crear | Villager (Male) |
| 18:25 | Construir | Monastery |
| 18:38 | Construir | Siege Workshop |
| 18:49 | Construir | Siege Workshop |
| 18:53 | Crear | Villager (Male) |
| 18:59 | Construir | Farm |
| 19:01 | Construir | Farm |
| 19:22 | Crear | Villager (Male) |
| 19:38 | Construir | House |
| 19:40 | Construir | House |
| 20:07 | Crear | Villager (Male) |
| 20:34 | Construir | Farm |
| 20:35 | Construir | Farm |
| 20:39 | Investigar | Imperial Age |
| 20:47 | Construir | Archery Range |
| 20:50 | Construir | Archery Range |
| 21:17 | Crear | Villager (Male) |
| 21:21 | Investigar | Fletching |
| 21:22 | Investigar | Padded Archer Armor |
| 21:30 | Construir | Archery Range |
| 21:44 | Construir | House |
| 21:46 | Construir | House |
| 21:47 | Construir | House |
| 21:48 | Construir | House |
| 21:49 | Construir | House |
| 22:00 | Investigar | Bodkin Arrow |
| 22:12 | Crear | Villager (Male) |
| 22:32 | Crear | Monk |
| 23:49 | Edad | Edad Imperial |
| 23:50 | Crear | Bombard Cannon |
| 23:56 | Crear | Hand Cannoneer ×5 |
| 24:40 | Investigar | Leather Archer Armor |
| 24:45 | Investigar | Thumb Ring |
| 24:48 | Crear | Hand Cannoneer ×2 |
| 25:19 | Crear | Villager (Male) |
| 25:19 | Crear | Villager (Male) |
| 25:19 | Crear | Villager (Male) |
| 25:28 | Crear | Hand Cannoneer ×2 |
| 25:28 | Crear | Hand Cannoneer ×2 |
| 26:26 | Crear | Villager (Male) |
| 26:32 | Investigar | Ring Archer Armor |
| 27:02 | Crear | Villager (Male) |
| 27:03 | Crear | Villager (Male) |
| 27:12 | Crear | Hand Cannoneer ×3 |
| 27:12 | Crear | Hand Cannoneer ×3 |
| 27:35 | Crear | Hand Cannoneer ×2 |
| 27:49 | Construir | Farm |
| 29:27 | Crear | Hand Cannoneer ×5 |
| 29:27 | Crear | Hand Cannoneer ×5 |
| 29:28 | Crear | Hand Cannoneer |
| 29:35 | Crear | Bombard Cannon |
| 29:35 | Crear | Bombard Cannon |
| 29:51 | Crear | Hand Cannoneer ×4 |
| 29:58 | Construir | Farm |
| 30:10 | Construir | Town Center |
| 30:16 | Crear | Villager (Male) |
| 30:16 | Crear | Villager (Male) |
| 30:20 | Crear | Hand Cannoneer |
| 30:21 | Crear | Hand Cannoneer |
| 30:48 | Crear | Hand Cannoneer ×3 |
| 31:10 | Crear | Villager (Male) ×2 |
| 31:39 | Construir | Farm |
| 31:39 | Construir | Farm |
| 31:40 | Construir | Farm |
| 31:40 | Construir | Farm |
| 31:40 | Construir | Farm |
| 31:41 | Construir | Farm |
| 31:48 | Construir | Archery Range |
| 31:50 | Crear | Villager (Male) ×4 |
| 32:16 | Crear | Bombard Cannon |
| 32:27 | Crear | Villager (Male) ×4 |
| 33:01 | Crear | Camel Scout ×4 |
| 34:56 | Crear | Hand Cannoneer ×5 |
| 35:06 | Crear | Bombard Cannon |
| 35:09 | Crear | Hand Cannoneer ×5 |
| 35:10 | Crear | Hand Cannoneer ×5 |
| 35:10 | Crear | Hand Cannoneer ×5 |
| 35:10 | Crear | Hand Cannoneer |
| 35:15 | Construir | House |
| 35:16 | Construir | House |
| 35:16 | Construir | House |
| 35:17 | Construir | House |
| 35:17 | Construir | House |
Cronología de la partida
| 11:04 | Imu18TheNoob · age_up feudal |
| 11:25 | Alex · age_up feudal |
| 14:04 | Alex · first_building Barracks |
| 14:15 | Imu18TheNoob · first_building Barracks |
| 15:04 | Imu18TheNoob · age_up castle |
| 15:35 | Alex · first_market_buy 100 wood |
| 15:38 | Imu18TheNoob · first_building Stable |
| 15:43 | Alex · first_building Stable |
| 16:52 | Alex · age_up castle |
| 18:25 | Imu18TheNoob · first_building Monastery |
| 18:38 | Imu18TheNoob · first_building Siege Workshop |
| 20:47 | Imu18TheNoob · first_building Archery Range |
| 23:08 | Alex · first_building Siege Workshop |
| 23:49 | Imu18TheNoob · age_up imperial |
| 24:35 | Alex · first_building Castle |
| 24:35 | Imu18TheNoob · first_market_sell 100 food |
| 25:56 | Alex · first_market_sell 100 wood |
| 30:28 | Alex · wall_segment Stone Wall x32 |
| 32:36 | Alex · age_up imperial |
| 35:19 | Alex · first_building Krepost |
| 40:40 | Imu18TheNoob · first_market_buy 500 food |
| 44:19 | Imu18TheNoob · first_building Castle |
| 54:42 | Alex · resign |
[ ANÁLISIS IA · 1 CRÉDITO ]
¿Qué pasó realmente en esta partida?
Wolo.gg analiza cada decisión: build order, eco, micro, errores típicos por bracket. Análisis personalizado por WhatsApp o Discord en 30 segundos.
Guía civ
Búlgaros
Perfil
Jugador #776924